Zazza, neutral female human Tourist # # ------ |.....##################### ------ |....| ----- # |....| |....|# |...-#####.....| ----------- ---|--# |..<| |....-###### |.......{.| ################..*^|#####.....|########..........| # # ---.- ------# ###|.........| ### ############################# #..........| ########## ## ### |.........| --------- #----.----#### # ----------- |........#####|........# # ### |>......| ##|.......| ### --+------- ---- |.......|#####........| # |.>......| |..| |.......| # |.......| ###|.@......| |..| |.......|### |.......| #-n.......| ---- |........# --------- |........| --------- |........| |........| ---------- Zazza the Rambler Experience level: 1 Strength: 14 Dexterity: 10 Constitution: 15 Intelligence: 11 Wisdom: 7 Charisma: 18 Health: 0(10) Energy: 2(2) Def: 0 Gold: 269 Moves: 778 Dungeon seed: YfMS1ncjZ0k6HVJk Game ID: Zazza_1575623982 Your Inventory: Coins $ - 269 gold pieces Weapons a - 25 +2 darts (in quiver) v - a +0 axe (weapon in hand) Armor e - an uncursed +0 Hawaiian shirt (being worn) Comestibles b - 12 uncursed food rations c - an uncursed tin of newt meat d - 4 uncursed lembas wafers f - 2 uncursed tripe rations t - an uncursed egg Scrolls h - 2 uncursed scrolls of magic mapping l - an uncursed scroll of identify Spellbooks s - an uncursed spellbook of detect monsters Potions g - 2 uncursed potions of extra healing o - an uncursed potion of confusion u - an uncursed potion of sleeping Rings q - an uncursed +1 ring of increase accuracy (on left hand) Wands p - a wand of secret door detection (0:13) Tools j - an uncursed credit card k - an uncursed tin opener Gems n - an uncursed worthless piece of green glass Spells and supernatural/magical abilities: Name Level Category Fail Memory W - pray for help -- divine ? -- Your skills at the end: Fighting Skills Weapon Skills dart [Basic] Spellcasting Skills Final Attributes: You were nominally aligned. You had a +1 bonus to hit. You are dead. Vanquished creatures: a kitten an acid blob a gas spore 2 foxes a sewer rat 4 grid bugs 2 bats 3 lichens a newt 16 creatures vanquished. Voluntary challenges: You were an atheist. You used a wielded weapon 4 times, starting on turn 702. You read items or engraved 2 times, starting on turn 526. You never genocided any monsters. You never polymorphed an object. You never changed form. You used no wishes. You never split a pudding. You never wrote Elbereth's name. You never violated your personal moral code. Dungeon overview: The Dungeons of Doom: levels 1 to 3 Level 1 an altar to Offler a long staircase Level 2 a scroll shop, some fountains Level 3 <- You were here a fountain a long staircase History has recorded: On T:1 you entered the Dungeons of Doom to retrieve the Amulet of Yendor! On T:305 you reached level 2 of The Dungeons of Doom. On T:630 you reached level 3 of The Dungeons of Doom. Score breakdown: Gold: 250 ( 8162 points) Experience: 1 level ( 0 points) Exploration: 3 levels ( 6.38%) ( 6255 points) Discoveries: 0 items ( 0.00%) ( 0 points) Valuables value: (no points given unless you survive) Artifact value: 0 ( 0 points) Variety of kills: 9 monsters ( 2.36%) ( 4610 points) Turncount: 778 turns ( 0 points) Survival: died (score multiplied by 80%) Total score: 15221 Latest messages: n - a green gem. The cool draught refreshes you. The cool draught refreshes you. You attract a water nymph! The water nymph stole an expensive camera (0:59). This tepid water is tasteless. The cool draught refreshes you. The fountain dries up! The water nymph stole 2 scrolls labeled KERNOD WEL. As you read the scroll, it disappears. A map coalesces in your mind! The door opens. You miss the gas spore. You hit the gas spore. You miss the gas spore. (4x) You kill the gas spore! The water nymph is caught in the gas spore's explosion! You are caught in the gas spore's explosion! Final status: Aloha Zazza the Tourist, killed by a gas spore's explosion... You died in The Dungeons of Doom on dungeon level 3 with 15221 points, and 269 pieces of gold, after 778 moves. You were level 1 with a maximum of 10 hit points when you died.